 Dungeon Crawl Stone Soup version 0.19.1-1-g22dce08 (webtiles) character file.

15728 Gukra the Grappler (level 12, -8/100 HPs)
             Began as a Troll Wizard on Dec 31, 2016.
             Was the Champion of Cheibriados.
             Mangled by a nine-headed hydra (10 damage)
             ... on level 2 of the Lair of Beasts on Jan 1, 2017.
             The game lasted 01:24:14 (12706 turns).

Gukra the Grappler (Troll Wizard)                  Turns: 12706, Time: 01:24:15

Health: -8/100     AC:  8    Str: 39    XL:     12   Next: 3%
Magic:  11/14      EV: 15    Int: 33    God:    Cheibriados [******]
Gold:   989        SH:  4    Dex: 23    Spells: 5 memorised, 5 levels left

rFire  . . .     SeeInvis .       - Unarmed
rCold  . . .     Gourm    +     G - +0 robe (curse)
rNeg   . . .     Faith    .     (no shield)
rPois  .         Spirit   .     b - +0 hat
rElec  .         Reflect  +     D - +2 cloak
rCorr  .         Harm     .     (gloves unavailable)
MR     .....                    (boots unavailable)
Stlth  ++........               o - +4 amulet of reflection
                                s - +6 ring of strength
                                E - +5 ring of evasion

@: studying 2 skills, very slow
A: unfitting armour, claws 3, fast metabolism 3, gourmand, regeneration 1,
shaggy fur 1, tough skin 2
a: Bend Time, Temporal Distortion, Slouch, Step From Time, Renounce Religion


You were on level 2 of the Lair of Beasts.
You worshipped Cheibriados.
Cheibriados was exalted by your worship.
You were full.

You visited 3 branches of the dungeon, and saw 15 of its levels.
You also visited: Ossuary and Bailey.

You collected 989 gold pieces.

Inventory:

Hand Weapons
 t - a +4 hunting sling
 w - a +1 blowgun
Missiles
 f - 45 poisoned needles
 U - 10 javelins of returning (quivered)
Armour
 b - a +0 hat (worn)
 D - a +2 cloak (worn)
 G - a cursed +0 robe (worn)
Magical Staves
 W - an uncursed staff of air
Jewellery
 i - a +2 ring of intelligence
 o - a +4 amulet of reflection (around neck)
 p - an uncursed ring of stealth
 s - a +6 ring of strength (right claw)
 x - an uncursed ring of protection from magic
 A - a +6 ring of strength
 C - an uncursed ring of protection from fire
 E - a +5 ring of evasion (left claw)
 X - a +2 amulet of reflection
 Z - a +3 ring of intelligence
Wands
 a - a wand of confusion (38/48)
 q - a wand of confusion (4/48)
 y - a wand of teleportation (2/9)
Scrolls
 e - 5 scrolls of identify
 H - 2 scrolls of fog
 I - 7 scrolls of teleportation
 J - 3 scrolls of remove curse
 M - a scroll of recharging
 O - a scroll of enchant weapon
 Y - 2 scrolls of magic mapping
Potions
 g - 5 potions of invisibility
 h - 2 potions of cancellation
 l - 2 potions of flight
 m - a potion of beneficial mutation {unknown}
 r - 2 potions of heal wounds
 u - 3 potions of agility
 v - 2 potions of resistance
 z - 5 potions of curing
 B - 4 potions of brilliance
 F - a potion of berserk rage {unknown}
 P - a potion of cure mutation {unknown}
 Q - a potion of experience {unknown}
 R - 3 potions of might
 V - a potion of mutation {unknown}
Books
 c - a book of Minor Magic

   Spells                             Type                      Level
   a - Magic Dart                     Conjuration                  1
   b - Blink                          Translocation                2
   c - Call Imp                       Summoning                    2
   d - Repel Missiles                 Charms/Air                   2
   e - Slow                           Hexes                        2
   f - Conjure Flame                  Conjuration/Fire             3
   g - Mephitic Cloud                 Conjuration/Poison/Air       3
 S - a manual of Shields
 T - a manual of Armour
Comestibles
 d - 14 bread rations
 j - 7 chunks of flesh
 k - a slice of pizza
 n - 11 meat rations
 K - 11 royal jellies
 L - a beef jerky
 N - 9 fruits


   Skills:
 - Level 1.3 Fighting
 + Level 1.5 Throwing
 - Level 1.5 Dodging
 - Level 1.0 Stealth
 + Level 12.5 Unarmed Combat
 - Level 2.0 Spellcasting
 * Level 6.5 Conjurations
 + Level 0.1 Charms
 + Level 1.0 Summonings
 + Level 0.6 Translocations
 * Level 5.2 Air Magic
 * Level 5.4 Poison Magic
 + Level 0.3 Invocations
 * Level 3.9 Evocations


You had 5 spell levels left.
You knew the following spells:

 Your Spells              Type           Power        Failure   Level  Hunger
a - Magic Dart            Conj           ####         1%          1    None
c - Blink                 Tloc           N/A          10%         2    ##.....
d - Mephitic Cloud        Conj/Pois/Air  #####...     1%          3    ###....
m - Repel Missiles        Chrm/Air       ###...       3%          2    ##.....
z - Call Imp              Summ           ##......     8%          2    ##.....


Dungeon Overview and Level Annotations

Branches:
Dungeon (12/15)            Temple (1/1) D:6            Lair (2/6) D:10
    Orc (0/2) D:10
  Swamp: Lair:2-4    Shoals: Lair:2-4     Snake: Lair:2-4    Spider: Lair:2-4

Altars:
Ashenzari
Cheibriados
Elyvilon
Fedhas
Hepliaklqana
Kikubaaqudgha
Makhleb
Okawaru
Ru
Trog
Uskayaw
Xom

Shops:
D:6 =


Innate Abilities, Weirdness & Mutations

You are too large for most types of armour.
You have claws for hands.
Your metabolism is lightning-fast.
You like to eat raw meat.
Your natural rate of healing is unusually fast.
You are covered in fur. (AC +1)
You have very tough skin. (AC +2)


Message History

Your crimson imp hits the eight-headed hydra.
You claw one of the eight-headed hydra's heads off!
The seven-headed hydra grows two more!
You mangle the nine-headed hydra!!
The nine-headed hydra is heavily wounded.
The nine-headed hydra barely misses you.
The nine-headed hydra misses you. The nine-headed hydra bites you.
* * * LOW HITPOINT WARNING * * *
The nine-headed hydra bites you but does no damage.
The nine-headed hydra misses you. The nine-headed hydra bites you!
* * * LOW HITPOINT WARNING * * *
The nine-headed hydra closely misses you.
The nine-headed hydra misses you.
The nine-headed hydra barely misses you.
Your crimson imp completely misses the nine-headed hydra.
You feel much better. The nine-headed hydra bites you!
* * * LOW HITPOINT WARNING * * *
The nine-headed hydra bites you!
* * * LOW HITPOINT WARNING * * *
The nine-headed hydra bites you!
You die...

......... .........
..........## ..######
.........P ..#
#........## .÷# ###
#.........#
..######.####........# #
÷.#..#.##..##........#.##
.................5.......
................@D...$...
.........................
.........................
.........................
.........................
.........................
.........................
###.#####....P.####.#.###
### ####.### ####


You could see a nine-headed hydra and a friendly crimson imp.

Vanquished Creatures
  A hydra (Lair:1)
  An unseen horror (D:10)
  2 hill giants
  2 manticores
  A spiny frog (Lair:1)
  2 komodo dragons (Lair:1)
  The ghost of ThunderHD the Shield-Bearer, a novice GrFi (D:4)
  4 blink frogs (Lair:1)
  3 hippogriffs
  11 yaks
  3 water moccasins
  3 porcupines (Lair:1)
  3 ice beasts
  A black bear (D:8)
  A phantom (D:6)
  20 orc warriors
  2 sky beasts
  A necrophage (D:10)
  15 centaurs
  8 ogres
  2 crocodiles (Lair:1)
  2 big kobolds
  7 bullfrogs
  4 scorpions
  A water moccasin zombie (Ossuary)
  9 wights
  2 electric eels (D:10)
  2 bullfrog zombies (D:6)
  4 jellies
  11 orc priests
  28 orc wizards
  2 bullfrog skeletons
  4 hounds
  Crazy Yiuf (D:4)
  4 centaur skeletons
  Ijyb (D:3)
  2 iguanas
  11 worker ants
  3 big kobold zombies (Ossuary)
  2 mummies (Ossuary)
  2 hound skeletons
  A howler monkey zombie (D:7)
  2 worker ant zombies
  A howler monkey skeleton (D:5)
  11 gnolls
  11 adders
  2 shadow imps
  7 oozes
  6 adder zombies
  3 worms
  A dart slug (D:3)
  7 leopard geckos
  82 orcs
  4 giant cockroaches
  2 gnoll zombies (Ossuary)
  10 goblins
  9 hobgoblins
  7 jackals
  6 quokkas
  2 ball pythons
  2 bats
  4 frilled lizards
  3 hobgoblin zombies (Ossuary)
  A jackal zombie (D:7)
  16 kobolds
  6 kobold zombies (Ossuary)
  A leopard gecko skeleton (D:4)
  8 orc zombies (Ossuary)
  A quokka skeleton (D:5)
  2 quokka zombies (D:6)
  8 rats
  A fungus (D:4)
416 creatures vanquished.

Vanquished Creatures (others)
  A plant (Lair:2)
1 creature vanquished.

Grand Total: 417 creatures vanquished

Notes
Turn   | Place    | Note
-------+----------+-------------------------------------------
     0 | D:1      | Gukra the Troll Wizard began the quest for the Orb.
     0 | D:1      | Reached XP level 1. HP: 16/16 MP: 2/2
   156 | D:1      | Reached skill level 1 in Unarmed Combat
   156 | D:1      | Reached skill level 1 in Conjurations
   156 | D:1      | Reached XP level 2. HP: 21/24 MP: 4/4
   512 | D:1      | Reached XP level 3. HP: 23/32 MP: 5/5
   842 | D:2      | Reached skill level 2 in Unarmed Combat
   946 | D:2      | Found a blossoming altar of Fedhas.
  1124 | D:2      | Found an iron altar of Okawaru.
  1236 | D:2      | Reached XP level 4. HP: 38/40 MP: 1/6
  1563 | D:2      | Reached skill level 3 in Unarmed Combat
  1764 | D:3      | Noticed Ijyb
  1775 | D:3      | Killed Ijyb
  1794 | D:3      | Reached skill level 4 in Unarmed Combat
  1794 | D:3      | Reached XP level 5. HP: 45/46 MP: 4/7
  2054 | D:3      | Found a white marble altar of Elyvilon.
  2360 | D:4      | Reached skill level 5 in Unarmed Combat
  2378 | D:4      | Reached XP level 6. HP: 23/54 MP: 8/8
  2479 | D:4      | Found a sacrificial altar of Ru.
  2550 | D:4      | You fall through a shaft for 2 floors!
  2562 | D:5      | Entered Level 5 of the Dungeon
  2562 | D:5      | Found a bloodstained altar of Trog.
  2580 | D:4      | Noticed ThunderHD's ghost (novice GrFi)
  2583 | D:4      | Reached skill level 1 in Fighting
  2668 | D:5      | Reached skill level 6 in Unarmed Combat
  2719 | D:5      | Noticed an ice beast
  2739 | D:5      | Killed an ice beast
  2739 | D:5      | Reached XP level 7. HP: 23/62 MP: 2/9
  3094 | D:5      | Reached skill level 7 in Unarmed Combat
  3098 | D:5      | Learned a level 2 spell: Repel Missiles
  3101 | D:5      | Learned a level 2 spell: Blink
  3105 | D:5      | Learned a level 3 spell: Mephitic Cloud
  3108 | D:5      | Learned a level 2 spell: Call Imp
  3570 | D:6      | Reached skill level 1 in Air Magic
  3570 | D:6      | Reached skill level 1 in Poison Magic
  3696 | D:6      | Found Efa Imm's Jewellery Shoppe.
  3801 | D:6      | Found a staircase to the Ecumenical Temple.
  3850 | Temple   | Entered the Ecumenical Temple
  3856 | Temple   | Became a worshipper of Cheibriados the Contemplative
  3882 | D:6      | Reached XP level 8. HP: 67/70 MP: 10/10
  4253 | D:6      | Reached * piety under Cheibriados
  4452 | D:6      | Found a burning altar of Makhleb.
  4958 | D:7      | Found a shimmering altar of Xom.
  4959 | D:7      | Found a shimmering altar of Xom.
  5000 | D:7      | Found a shimmering altar of Xom.
  5006 | D:7      | Found a shimmering altar of Xom.
  5008 | D:7      | Found a shimmering altar of Xom.
  5008 | D:7      | Found a shimmering altar of Xom.
  5010 | D:7      | Found a shimmering altar of Xom.
  5011 | D:7      | Reached skill level 8 in Unarmed Combat
  5040 | D:7      | Reached XP level 9. HP: 76/76 MP: 8/11
  5623 | D:8      | Reached ** piety under Cheibriados
  5765 | D:8      | Found a sand-covered staircase.
  5772 | Ossuary  | Entered an ossuary
  5845 | Ossuary  | Reached skill level 9 in Unarmed Combat
  5854 | Ossuary  | Reached skill level 1 in Summonings
  5868 | Ossuary  | Reached *** piety under Cheibriados
  6436 | D:8      | Reached **** piety under Cheibriados
  6995 | D:9      | Reached skill level 10 in Unarmed Combat
  7069 | D:9      | Found a sacrificial altar of Ru.
  7367 | D:9      | Reached XP level 10. HP: 84/84 MP: 8/12
  7691 | D:10     | Entered Level 10 of the Dungeon
  7703 | D:10     | Reached ***** piety under Cheibriados
  7871 | D:10     | Killed an unseen horror
  7879 | D:10     | Reached skill level 1 in Evocations
  7903 | D:10     | Noticed a hill giant
  7909 | D:10     | Killed a hill giant
  8076 | D:10     | Reached skill level 11 in Unarmed Combat
  8171 | D:10     | You fall through a shaft!
  8412 | D:11     | Found a flagged portal.
  8474 | Bailey   | Entered a bailey
  8623 | Bailey   | Reached skill level 5 in Conjurations
  8709 | Bailey   | Reached ****** piety under Cheibriados
  8809 | Bailey   | HP: 3/84 [orc warrior/halberd (19)]
  9002 | Bailey   | Reached skill level 1 in Throwing
  9599 | D:11     | Noticed a manticore
  9612 | D:11     | Killed a manticore
  9764 | D:11     | Reached XP level 11. HP: 91/91 MP: 6/13
  9911 | D:11     | Noticed a hill giant
  9940 | D:11     | Killed a hill giant
 10604 | D:4      | Killed ThunderHD's ghost
 10604 | D:4      | Reached skill level 5 in Poison Magic
 10999 | D:4      | Found a runed door.
 11003 | D:4      | Noticed Crazy Yiuf
 11006 | D:4      | Killed Crazy Yiuf
 11237 | D:10     | Found a staircase to the Lair.
 11532 | D:10     | Found a staircase to the Orcish Mines.
 11690 | Lair:1   | Entered Level 1 of the Lair of Beasts
 11693 | Lair:1   | Reached skill level 12 in Unarmed Combat
 11792 | Lair:1   | Reached skill level 5 in Air Magic
 11937 | Lair:1   | Noticed a five-headed hydra
 11949 | Lair:1   | Killed an eight-headed hydra
 12619 | Lair:2   | Reached XP level 12. HP: 100/100 MP: 5/14
 12697 | Lair:2   | Noticed a six-headed hydra
 12705 | Lair:2   | HP: 2/100 [nine-headed hydra (17)]
 12706 | Lair:2   | Mangled by a nine-headed hydra

Skill      XL: |  1  2  3  4  5  6  7  8  9 10 11 |
---------------+----------------------------------+-----
Unarmed Combat | 1 2 4 5 6 7 8 10 11 12 | 12.5
Conjurations   | 1 2 3 4 5 6 |  6.5
Fighting       | 1 |  1.3
Air Magic      | 1 2 3 4 5 |  5.2
Poison Magic   | 1 3 4 5 |  5.4
Summonings     | 1 |  1.0
Evocations     | 2 3 |  3.9
Throwing       | 1 |  1.5
Dodging        | |  1.5
Stealth        | |  1.0
Spellcasting   | |  2.0
Charms         | |  0.1
Translocations | |  0.6
Invocations    | |  0.3

Action                   |  1- 3 |  4- 6 |  7- 9 | 10-12 || total
-------------------------+-------+-------+-------+-------++-------
Melee: Unarmed           |   103 |   144 |   387 |   328 ||   962
       Punch             |       |     2 |    19 |    34 ||    55
 Fire: Blowgun           |       |       |     6 |    11 ||    17
Throw: Javelin           |       |       |       |    12 ||    12
 Cast: Magic Dart        |    24 |    21 |    48 |    68 ||   161
       Mephitic Cloud    |       |       |    12 |    52 ||    64
       Call Imp          |       |       |     2 |     4 ||     6
       Repel Missiles    |       |       |     1 |     4 ||     5
Invok: Bend Time         |       |       |     1 |       ||     1
Evoke: Wand              |       |       |       |     2 ||     2
  Use: Scroll            |     3 |     7 |     9 |     3 ||    22
       Potion            |       |       |       |     2 ||     2
 Stab: Sleeping          |     1 |       |     4 |     6 ||    11
       Distracted        |       |       |     1 |     1 ||     2
       Confused          |       |       |     5 |     7 ||    12
  Eat: Chunk             |    17 |    14 |    36 |    40 ||   107
Armor: Robe              |    44 |    24 |    79 |    76 ||   223
Dodge: Dodged            |    63 |    49 |   226 |   257 ||   595
       Deflected         |       |       |     2 |     7 ||     9
Block: Other             |       |     1 |    61 |    73 ||   135
       Reflection        |       |       |     2 |    10 ||    12
